MID
CEDAR RAPIDS KERNELS @ KANNAPOLIS INTIMIDATORS
07/22/2044
 
TOP OF THE 1ST
Cedar Rapids Kernels batting - Pitching for Kannapolis Intimidators : LHP Yasuaki Yamada
Pitching: LHP Yasuaki Yamada
Batting: RHB Matt Dunn 0-0: Ball
1-0: Called Strike
1-1: Ground out 6-3 (Groundball, 6, EV 106.2 MPH)
Batting: LHB Jim Pankratz 0-0: Ball
1-0: Called Strike
1-1: Foul Ball, location: 2F
1-2: Foul Ball, location: 2F
1-2: Ground out U3 (Groundball, 3, EV 88.8 MPH)
Batting: RHB Mike Craver 0-0: Foul Ball, location: 2F
0-1: Ball
1-1: Foul Ball, location: 2F
1-2: Foul Ball, location: 2F
1-2: Ball
2-2: Foul Ball, location: 2F
2-2: Foul Ball, location: 2F
2-2: Ball
3-2: Base on Balls
Batting: LHB Israel Montoya 0-0: Called Strike
Mike Craver steals 2nd base (no throw)
0-1: Ground out 4-3 (Groundball, 4D, EV 103.8 MPH)
Top of the 1st over - 0 runs, 0 hits, 0 errors, 1 left on base; Cedar Rapids 0 - Kannapolis 0
BOTTOM OF THE 1ST
Kannapolis Intimidators batting - Pitching for Cedar Rapids Kernels : RHP Orlando Guapo
Pitching: RHP Orlando Guapo
Batting: LHB John Thurman 0-0: Ball
1-0: Ball
2-0: Ball
3-0: Called Strike
3-1: Ground out U3 (Groundball, 3L, EV 87.5 MPH)
Batting: LHB Alberto Carrasco 0-0: Called Strike
0-1: SINGLE (Groundball, 34D, EV 88.1 MPH) (infield hit)
Batting: LHB Dustin Taylor 0-0: Ball
1-0: Called Strike
1-1: SINGLE (Groundball, 6MD, EV 99.4 MPH)
Alberto Carrasco to second
Runner from 2nd tries for 3rd, SAFE, throw by CF made to third
Batting: LHB Angel Tellez 0-0: Called Strike
0-1: Ball
1-1: Called Strike
Dustin Taylor steals 2nd base
1-2: Ball
2-2: Ball
3-2: SINGLE (Flyball, 3D, EV 95.0 MPH)
Alberto Carrasco scores
Dustin Taylor to third
Batting: RHB Jose Medina 0-0: Ball
1-0: Called Strike
1-1: Ground out 6-3 (Groundball, 6M, EV 83.1 MPH)
Dustin Taylor scores
Angel Tellez to second
Batting: RHB Micah Brown 0-0: Called Strike
0-1: Fly out, F8 (Flyball, 8LM, EV 85.0 MPH)
Bottom of the 1st over - 2 runs, 3 hits, 0 errors, 1 left on base; Cedar Rapids 0 - Kannapolis 2
TOP OF THE 2ND
Cedar Rapids Kernels batting - Pitching for Kannapolis Intimidators : LHP Yasuaki Yamada
Batting: SHB Shohei Fujii 0-0: SINGLE (Line Drive, 4MD, EV 102.5 MPH)
Batting: RHB Jon Avila 0-0: Swinging Strike
0-1: Ball
1-1: Foul Ball, location: 2F
1-2: Ball
2-2: Grounds into double play, 6-4-3 (Groundball, 6, EV 98.8 MPH)
Batting: RHB Jake Wirthlin 0-0: Ball
1-0: Called Strike
1-1: Swinging Strike
1-2: Ball
2-2: Foul Ball, location: 2F
2-2: Ball
3-2: Strikes out swinging
Top of the 2nd over - 0 runs, 1 hit, 0 errors, 0 left on base; Cedar Rapids 0 - Kannapolis 2
BOTTOM OF THE 2ND
Kannapolis Intimidators batting - Pitching for Cedar Rapids Kernels : RHP Orlando Guapo
Batting: RHB Mark Jones 0-0: Called Strike
0-1: Swinging Strike
0-2: Ball
1-2: Strikes out looking
Batting: RHB Tyrell Camp 0-0: Ball
1-0: DOUBLE (Line Drive, 7LD, EV 111.2 MPH)
Batting: RHB Danny Longoria 0-0: Ball
1-0: Called Strike
1-1: Swinging Strike
1-2: Foul Ball, location: 2F
1-2: Ground out 5-3 (Groundball, 56, EV 84.4 MPH)
Batting: LHB John Thurman 0-0: Ball
1-0: Called Strike
1-1: Ball
2-1: Ball
3-1: SINGLE (Groundball, 4S, EV 73.1 MPH) (infield hit)
Tyrell Camp to third
Batting: LHB Alberto Carrasco 0-0: Ball
Balk!
Tyrell Camp scores
John Thurman to second
1-0: Ball
2-0: Called Strike
2-1: Ground out 1-3 (Groundball, 34S, EV 67.5 MPH)
Bottom of the 2nd over - 1 run, 2 hits, 0 errors, 1 left on base; Cedar Rapids 0 - Kannapolis 3
TOP OF THE 3RD
Cedar Rapids Kernels batting - Pitching for Kannapolis Intimidators : LHP Yasuaki Yamada
Batting: RHB Orlando Blanco 0-0: Called Strike
0-1: Ball
1-1: Ball
2-1: Ball
3-1: Base on Balls
Pitching: RHP Jose Leal
Batting: SHB Duri Chilemba 0-0: Foul Ball, location: 2F
0-1: Ball
Balk!
Orlando Blanco to second
1-1: Called Strike
1-2: Strikes out swinging
Batting: RHB Matt Dunn 0-0: Called Strike
0-1: Ball
Wild Pitch!
Orlando Blanco to third
1-1: Foul Ball, location: 2F
1-2: Ball
2-2: Ball
3-2: Strikes out swinging
Batting: LHB Jim Pankratz 0-0: Foul Ball, location: 2F
0-1: Foul Ball, location: 2F
0-2: Ball
1-2: Ground out 6-3 (Groundball, 6, EV 100.0 MPH)
Top of the 3rd over - 0 runs, 0 hits, 0 errors, 1 left on base; Cedar Rapids 0 - Kannapolis 3
BOTTOM OF THE 3RD
Kannapolis Intimidators batting - Pitching for Cedar Rapids Kernels : RHP Orlando Guapo
Batting: LHB Dustin Taylor 0-0: Swinging Strike
0-1: SINGLE (Flyball, 89S, EV 96.2 MPH)
Batting: LHB Angel Tellez 0-0: Ball
1-0: Fielders Choice at 2nd, 6-4 (Groundball, 6, EV 85.6 MPH)
Batting: RHB Jose Medina 0-0: Called Strike
0-1: Ball
1-1: Ball
2-1: SINGLE (Groundball, 56D, EV 100.0 MPH)
Angel Tellez to second
Batting: RHB Micah Brown 0-0: Called Strike
0-1: Ball
1-1: Grounds into double play, 5-4-3 (Groundball, 56S, EV 76.9 MPH)
Bottom of the 3rd over - 0 runs, 2 hits, 0 errors, 1 left on base; Cedar Rapids 0 - Kannapolis 3
TOP OF THE 4TH
Cedar Rapids Kernels batting - Pitching for Kannapolis Intimidators : RHP Jose Leal
Batting: RHB Mike Craver 0-0: Called Strike
0-1: Foul Ball, location: 2F
0-2: Ball
1-2: Ball
2-2: Foul Ball, location: 2F
2-2: Strikes out swinging
Batting: LHB Israel Montoya 0-0: Ball
1-0: Ball
2-0: Ball
3-0: Called Strike
3-1: Foul Ball, location: 2F
3-2: Foul Ball, location: 2F
3-2: Strikes out looking
Batting: SHB Shohei Fujii 0-0: Called Strike
0-1: Foul Ball, location: 2F
0-2: Foul Ball, location: 2F
0-2: Foul Ball, location: 2F
0-2: Strikes out swinging
Top of the 4th over - 0 runs, 0 hits, 0 errors, 0 left on base; Cedar Rapids 0 - Kannapolis 3
BOTTOM OF THE 4TH
Kannapolis Intimidators batting - Pitching for Cedar Rapids Kernels : RHP Orlando Guapo
Batting: RHB Mark Jones 0-0: Ball
1-0: Ball
2-0: Ball
3-0: Base on Balls
Batting: RHB Tyrell Camp 0-0: Called Strike
0-1: Ball
1-1: Called Strike
1-2: Ball
2-2: Fielders Choice at 2nd, 4-6 (Groundball, 34, EV 81.9 MPH)
Batting: RHB Danny Longoria 0-0: Called Strike
0-1: SINGLE (Line Drive, 4MD, EV 111.9 MPH)
Tyrell Camp to second
Batting: LHB John Thurman 0-0: Called Strike
0-1: Called Strike
0-2: Strikes out looking
Batting: LHB Alberto Carrasco 0-0: Ball
1-0: Called Strike
1-1: Ball
2-1: Foul Ball, location: 2F
2-2: Foul Ball, location: 2F
2-2: Strikes out swinging
Bottom of the 4th over - 0 runs, 1 hit, 0 errors, 2 left on base; Cedar Rapids 0 - Kannapolis 3
TOP OF THE 5TH
Cedar Rapids Kernels batting - Pitching for Kannapolis Intimidators : RHP Jose Leal
Batting: RHB Jon Avila 0-0: Called Strike
0-1: Ball
1-1: Ball
2-1: Foul Ball, location: 2F
2-2: Ball
3-2: Strikes out swinging
Batting: RHB Jake Wirthlin 0-0: Swinging Strike
0-1: Ball
1-1: Ball
2-1: Ball
3-1: SINGLE (Groundball, 34D, EV 104.4 MPH)
Batting: RHB Orlando Blanco 0-0: Swinging Strike
0-1: Foul Ball, location: 2F
0-2: Strikes out swinging
Pitching: LHP Steve Knezevic
Batting: SHB Duri Chilemba 0-0: Foul Ball, location: 2F
0-1: Ball
1-1: Ball
2-1: Ground out 4-3 (Groundball, 4S, EV 82.5 MPH)
Top of the 5th over - 0 runs, 1 hit, 0 errors, 1 left on base; Cedar Rapids 0 - Kannapolis 3
BOTTOM OF THE 5TH
Kannapolis Intimidators batting - Pitching for Cedar Rapids Kernels : RHP Orlando Guapo
Batting: LHB Dustin Taylor 0-0: Foul Ball, location: 2F
0-1: Called Strike
0-2: Ball
1-2: Ball
2-2: Foul Ball, location: 2F
2-2: SINGLE (Groundball, 6, EV 106.9 MPH)
Batting: LHB Angel Tellez 0-0: Fielders Choice at 2nd, 4-6 (Groundball, 4M, EV 81.9 MPH)
Batting: RHB Jose Medina 0-0: Ball
1-0: Called Strike
1-1: Called Strike
1-2: Strikes out swinging
Pitching: RHP Toshiyuki Kawashima
Batting: RHB Micah Brown 0-0: Ball
1-0: Ball
2-0: Called Strike
2-1: Ball
3-1: Base on Balls
Angel Tellez to second
Batting: RHB Mark Jones 0-0: Fly out, F7 (Flyball, 7LS, EV 91.9 MPH)
Bottom of the 5th over - 0 runs, 1 hit, 0 errors, 2 left on base; Cedar Rapids 0 - Kannapolis 3
TOP OF THE 6TH
Cedar Rapids Kernels batting - Pitching for Kannapolis Intimidators : LHP Steve Knezevic
Batting: RHB Matt Dunn 0-0: Called Strike
0-1: Ball
1-1: Swinging Strike
1-2: SOLO HOME RUN (Flyball, 7LD, EV 97.5 MPH), Distance : 382 ft
Batting: LHB Jim Pankratz 0-0: Ball
1-0: Foul Ball, location: 2F
1-1: Ball
2-1: DOUBLE (Flyball, 5D, EV 98.1 MPH)
Batting: RHB Mike Craver 0-0: Called Strike
0-1: Swinging Strike
0-2: Ball
1-2: Ground out U3 (Groundball, 3, EV 92.5 MPH)
Jim Pankratz to third
Batting: LHB Israel Montoya 0-0: Ball
1-0: Ball
2-0: Called Strike
2-1: Foul Ball, location: 2F
2-2: Foul Ball, location: 2F
2-2: Foul Ball, location: 2F
2-2: Strikes out swinging
Batting: SHB Shohei Fujii 0-0: Called Strike
0-1: Called Strike
0-2: Ball
1-2: Ball
2-2: Strikes out looking
Top of the 6th over - 1 run, 2 hits, 0 errors, 1 left on base; Cedar Rapids 1 - Kannapolis 3
BOTTOM OF THE 6TH
Kannapolis Intimidators batting - Pitching for Cedar Rapids Kernels : RHP Toshiyuki Kawashima
Batting: RHB Tyrell Camp 0-0: Called Strike
0-1: Ball
1-1: Ball
2-1: Ball
3-1: Ground out 5-3 (Groundball, 56S, EV 88.1 MPH)
Batting: RHB Danny Longoria 0-0: Ball
1-0: Called Strike
1-1: Swinging Strike
1-2: Strikes out swinging
Batting: LHB John Thurman 0-0: Ball
1-0: Ball
2-0: Called Strike
2-1: Ball
3-1: Swinging Strike
3-2: Ground out 4-3 (Groundball, 34D, EV 82.5 MPH)
Bottom of the 6th over - 0 runs, 0 hits, 0 errors, 0 left on base; Cedar Rapids 1 - Kannapolis 3
TOP OF THE 7TH
Cedar Rapids Kernels batting - Pitching for Kannapolis Intimidators : LHP Steve Knezevic
Pitching: RHP Juan Estrada
Batting: RHB Jon Avila 0-0: Ball
1-0: Hit by Pitch
Batting: RHB Jake Wirthlin 0-0: Ball
Jon Avila steals 2nd base
1-0: Swinging Strike
1-1: Ball
2-1: Ball
3-1: Called Strike
3-2: Ground out 6-3 (Groundball, 6, EV 89.4 MPH)
Jon Avila to third
Pinch Hitting: LHB Mike Handrahan 0-0: Called Strike
0-1: SINGLE (Line Drive, 8RS, EV 103.8 MPH)
Jon Avila scores
Batting: SHB Duri Chilemba 0-0: Called Strike
0-1: Called Strike
0-2: Ball
1-2: Foul Ball, location: 2F
1-2: Strikes out swinging
Batting: RHB Matt Dunn 0-0: Called Strike
0-1: Foul Ball, location: 2F
0-2: Strikes out swinging
Top of the 7th over - 1 run, 1 hit, 0 errors, 1 left on base; Cedar Rapids 2 - Kannapolis 3
BOTTOM OF THE 7TH
Kannapolis Intimidators batting - Pitching for Cedar Rapids Kernels : RHP Toshiyuki Kawashima
Pitching: LHP Stefano Traversoni
Now at 2B: Duri Chilemba
Now at 3B: Mike Handrahan
Batting: LHB Alberto Carrasco 0-0: Called Strike
0-1: Foul Ball, location: 2F
0-2: SINGLE (Groundball, 34D, EV 107.5 MPH)
Batting: LHB Dustin Taylor 0-0: Ball
1-0: Ball
Wild Pitch!
Alberto Carrasco to second
2-0: Ground out 6-3 (Groundball, 56, EV 98.8 MPH)
Batting: LHB Angel Tellez 0-0: Ball
1-0: Ball
2-0: Called Strike
2-1: Foul Ball, location: 2F
2-2: Foul Ball, location: 2F
2-2: Ground out 4-3 (Groundball, 4, EV 103.1 MPH)
Alberto Carrasco to third
Pitching: RHP Bruce Wight
Batting: RHB Jose Medina 0-0: Ball
1-0: Called Strike
1-1: Ball
2-1: Called Strike
2-2: Strikes out swinging
Bottom of the 7th over - 0 runs, 1 hit, 0 errors, 1 left on base; Cedar Rapids 2 - Kannapolis 3
TOP OF THE 8TH
Cedar Rapids Kernels batting - Pitching for Kannapolis Intimidators : RHP Juan Estrada
Batting: LHB Jim Pankratz 0-0: Foul Ball, location: 2F
0-1: Foul Ball, location: 2F
0-2: Ball
1-2: Foul Ball, location: 2F
1-2: Ground out 6-3 (Groundball, 6S, EV 89.4 MPH)
Batting: RHB Mike Craver 0-0: Ball
1-0: SINGLE (Line Drive, 8RS, EV 99.4 MPH)
Batting: LHB Israel Montoya 0-0: Foul Ball, location: 2F
0-1: Ball
1-1: Ball
2-1: Swinging Strike
2-2: Strikes out swinging
Batting: SHB Shohei Fujii 0-0: Ball
1-0: Swinging Strike
1-1: Ball
2-1: Fly out, F5 (Popup, 6, EV 61.9 MPH)
Top of the 8th over - 0 runs, 1 hit, 0 errors, 1 left on base; Cedar Rapids 2 - Kannapolis 3
BOTTOM OF THE 8TH
Kannapolis Intimidators batting - Pitching for Cedar Rapids Kernels : RHP Bruce Wight
Batting: RHB Micah Brown 0-0: Called Strike
0-1: Ball
1-1: SINGLE (Line Drive, 6MD, EV 101.9 MPH)
Batting: RHB Mark Jones 0-0: Ball
1-0: Bunted foul
1-1: Bunt missed!
1-2: Foul Ball, location: 2F
1-2: Foul Ball, location: 2F
1-2: Fielders Choice at 2nd, 4-6 (Groundball, 34, EV 102.5 MPH)
Batting: RHB Tyrell Camp 0-0: Called Strike
0-1: Fly out, F8 (Flyball, 8LD, EV 86.9 MPH)
Batting: RHB Danny Longoria 0-0: Ball
1-0: Swinging Strike
1-1: Swinging Strike
1-2: Foul Ball, location: 2F
1-2: Strikes out looking
Bottom of the 8th over - 0 runs, 1 hit, 0 errors, 1 left on base; Cedar Rapids 2 - Kannapolis 3
TOP OF THE 9TH
Cedar Rapids Kernels batting - Pitching for Kannapolis Intimidators : RHP Juan Estrada
Pitching: RHP Tony Arriaga
Now at SS: Ching-hsia Zhang
Now in LF: Francisco Mayorga
Batting: RHB Jon Avila 0-0: Ball
1-0: Called Strike
1-1: Ball
2-1: Called Strike
2-2: Foul Ball, location: 2F
2-2: Strikes out swinging
Batting: RHB Jake Wirthlin 0-0: Called Strike
0-1: Ball
1-1: Ball
2-1: SINGLE (Groundball, 34D, EV 101.2 MPH)
Batting: LHB Mike Handrahan 0-0: Swinging Strike
0-1: Ball
1-1: Foul Ball, location: 2F
1-2: Strikes out looking
Batting: SHB Duri Chilemba 0-0: Called Strike
0-1: Swinging Strike
0-2: Ball
1-2: Ball
2-2: Strikes out swinging
Top of the 9th over - 0 runs, 1 hit, 0 errors, 1 left on base; Cedar Rapids 2 - Kannapolis 3
Thursday, March 31st , 2022 - OOTP Baseball 22.12 Build 89